 Dungeon Crawl Stone Soup version 0.26-a0-958-gf3041fb45f (webtiles) character file.

Game seed: 10374554163062147517

122134 marklar909 the Brawler (level 16, -1/144 HPs)
             Began as a Troll Wanderer on Nov 30, 2020.
             Was the Champion of Fedhas.
             Splashed by a goliath frog's acid (8 damage)
             ... on level 2 of the Swamp.
             The game lasted 01:15:08 (34043 turns).

marklar909 the Brawler (Troll Wanderer)            Turns: 34043, Time: 01:15:09

Health: -1/144     AC:  2    Str: 22    XL:     16   Next: 34%
Magic:  22/22      EV: 16    Int:  9    God:    Fedhas [******]
Gold:   3033       SH: 10    Dex: 21    Spells: 8/15 levels left

rFire    . . .     SeeInvis +     - Unarmed
rCold    . . .     Faith    .   Q - +1 kite shield {reflect}
rNeg     . . .     Spirit   .   H - +0 swamp dragon scales
rPois    +         Reflect  +   i - +2 hat
rElec    .         Harm     .   z - +2 cloak
rCorr    .         Rampage  .   (gloves unavailable)
MR       ++...                  (boots unavailable)
Stlth    ++........             R - amulet of magic regeneration
HPRegen  0.74/turn              t - +6 ring of dexterity
MPRegen  0.43/turn              M - ring of see invisible

@: about to teleport, corroded
A: large, unfitting armour, claws 3, iridescent scales 1, magic resistance 1,
regeneration 1, shaggy fur 1, tough skin 3
a: Wall of Briars, Grow Ballistomycete, Overgrow, Grow Oklob, Renounce Religion


You were on level 2 of the Swamp.
You worshipped Fedhas.
Fedhas was exalted by your worship.
You visited 5 branches of the dungeon, and saw 26 of its levels.

You collected 3123 gold pieces.
You spent 90 gold pieces at shops.

Inventory:

Missiles
 K - a boomerang
 L - 7 large rocks (quivered)
 S - 3 javelins
Armour
 i - a +2 hat (worn)
 z - a +2 cloak (worn)
 H - +0 swamp dragon scales (worn)
 I - the +2 robe of Bitterness {Slay+3}
   (You found it on level 10 of the Dungeon)

   It affects your accuracy and damage with ranged weapons and melee attacks
   (+3).
 Q - a +1 kite shield of reflection (worn)
Jewellery
 l - an uncursed ring of stealth
 t - a +6 ring of dexterity (left claw)
 x - a +6 ring of strength
 A - an uncursed ring of protection from magic
 C - the ring "Zedaiho" {+Blink rPois Str+6}
   (You found it on level 12 of the Dungeon)

   [ring of strength]

   It affects your strength (+6).
   It protects you from poison.
   It lets you blink.
 G - an uncursed ring of positive energy
 M - a ring of see invisible (right claw)
 R - an amulet of magic regeneration (around neck)
Wands
 d - a wand of disintegration (18)
 n - a wand of random effects (37)
 y - a wand of enslavement (12)
 N - a wand of digging (6)
 O - a wand of polymorph (6)
 W - a wand of paralysis (5)
 X - a wand of acid (2)
Scrolls
 c - 7 scrolls of teleportation
 e - a scroll of fog
 k - 6 scrolls of enchant weapon
 m - 8 scrolls of identify
 o - 5 scrolls of magic mapping
 p - 11 scrolls of remove curse
 q - 6 scrolls of amnesia
 s - 3 scrolls of immolation
 F - 2 scrolls of brand weapon
 J - 2 scrolls of summoning
Potions
 a - 4 potions of lignification
 b - 2 potions of berserk rage
 f - 6 potions of curing
 g - 4 potions of flight
 h - 3 potions of brilliance
 j - 4 potions of resistance
 r - 5 potions of mutation
 u - 3 potions of might
 w - 5 potions of haste
 B - 5 potions of attraction
 D - a potion of magic
 E - 3 potions of heal wounds
 P - 4 potions of ambrosia
Miscellaneous
 T - a box of beasts
 U - a phantom mirror
 V - a tin of tremorstones (inert)


   Skills:
 + Level 6.0 Fighting
 + Level 12.5 Throwing
 + Level 1.0 Armour
 + Level 11.9 Dodging
 + Level 4.1 Stealth
 * Level 2.0 Shields
 + Level 16.0 Unarmed Combat
 * Level 4.1 Transmutations
 * Level 10.5 Invocations
 + Level 1.0 Evocations


You had 8 spell levels left.
You knew the following spells:

 Your Spells              Type           Power        Failure   Level
a - Dragon Form           Tmut           #.........   100%        7

Your spell library contained the following spells:

 Spells                   Type           Power        Failure   Level
 Passwall                 Tmut/Erth      #.......     89%         2
 Animate Skeleton         Necr           #.....       96%         1
 Corona                   Hex            #......      96%         1
 Foxfire                  Conj/Fire      #...         96%         1
 Magic Dart               Conj           #...         96%         1
 Pain                     Necr           #...         96%         1
 Sandblast                Erth           #.....       96%         1
 Summon Small Mammal      Summ           #...         96%         1
 Blink                    Tloc           N/A          99%         2
 Call Imp                 Summ           #.......     99%         2
 Ensorcelled Hibernation  Hex/Ice        #.....       99%         2
 Searing Ray              Conj           #.....       99%         2
 Slow                     Hex            #.......     99%         2
 Ignite Poison            Fire/Tmut/Pois #.......     99%         3
 Call Canine Familiar     Summ           #.......     100%        3
 Confusing Touch          Hex            #.......     100%        3
 Conjure Flame            Conj/Fire      #.......     100%        3
 Dazzling Flash           Conj/Hex       #.....       100%        3
 Gell's Gravitas          Tloc           #.........   100%        3
 Inner Flame              Hex/Fire       #.......     100%        3
 Mephitic Cloud           Conj/Pois/Air  #.......     100%        3
 Portal Projectile        Hex/Tloc       #.....       100%        3
 Stone Arrow              Conj/Erth      #.....       100%        3
 Summon Guardian Golem    Hex/Summ       #.......     100%        3
 Tukima's Dance           Hex            #.......     100%        3
 Vampiric Draining        Necr           #.........   100%        3
 Animate Dead             Necr           #.........   100%        4
 Cause Fear               Hex            #.........   100%        4
 Fulminant Prism          Conj/Hex       #.........   100%        4
 Iskenderun's Mystic Bla  Conj/Tloc      #.......     100%        4
 Leda's Liquefaction      Hex/Erth       #.........   100%        4
 Petrify                  Tmut/Erth      #.......     100%        4
 Sticky Flame             Conj/Fire      #.......     100%        4
 Summon Ice Beast         Ice/Summ       #.......     100%        4
 Summon Lightning Spire   Summ/Air       #.......     100%        4
 Agony                    Necr           #.......     100%        5
 Fireball                 Conj/Fire      #.........   100%        5
 Lee's Rapid Deconstruct  Erth           #.........   100%        5
 Metabolic Englaciation   Hex/Ice        #.........   100%        5
 Yara's Violent Unravell  Hex/Tmut       #.........   100%        5
 Starburst                Conj/Fire      #.........   100%        6
 Ignition                 Fire           #.........   100%        8
 Dragon's Call            Summ           #.........   100%        9


Dungeon Overview and Level Annotations

Branches:
Dungeon (15/15)            Temple (1/1) D:6            Lair (6/6) D:11
  Swamp (2/4) Lair:3        Snake (0/4) Lair:3        Slime (0/5) Lair:5
    Orc (2/2) D:10            Elf (0/3) Orc:2        Vaults (0/5) D:13
 Depths (0/5) D:15

Altars:
Dithmenos
Elyvilon
Fedhas
Kikubaaqudgha
Qazlal
Wu Jian
Xom
The Shining One
Beogh
Jiyva

Shops:
D:10 }   Orc:2 (***}

Annotations:
D:11 1 runed translucent door
Lair:6 2 runed translucent doors


Innate Abilities, Weirdness & Mutations

You are too large for most types of armour.
You have claws for hands.
Your natural rate of healing is unusually fast.
You are covered in fur. (AC +1)
You have extremely tough skin. (AC +3)
You are partially covered in iridescent scales. (AC +2)
You are resistant to hostile enchantments. (MR+)


Message History

As you read the scroll of blinking, it crumbles to dust.
Okay, then.
You feel much better.
You feel much better.
Unknown command.
As you read the scroll of teleportation, it crumbles to dust.
You feel strangely unstable. The goliath frog hits you!
* * * LOW HITPOINT WARNING * * *
The acid corrodes you!
You are splashed with acid.
* * * LOW HITPOINT WARNING * * *
Unknown command.
The goliath frog hits you from afar.
* * * LOW HITPOINT WARNING * * *
The acid corrodes you!
You are splashed with acid!
* * * LOW HITPOINT WARNING * * *
The goliath frog hits you from afar!!
* * * LOW HITPOINT WARNING * * *
You are splashed with acid!
You die...
Fedhas appreciates your contribution to the ecosystem.

♣.≈≈≈§≈≈≈.≈§.≈≈≈≈≈≈≈♣ .
≈≈§≈≈...§≈≈≈≈≈≈≈≈≈≈.♣ ♣
♣♣.≈≈§.(.(§≈§≈≈≈≈≈≈≈..
♣.......^≈≈....≈......
♣♣........≈.♣♣♣♣♣♣♣♣♣♣♣
♣...≈≈.≈♣≈x♣♣ ♣♣≈♣♣
♣..≈..§♣F♣≈♣ ♣♣...♣♣ ♣
..≈..♣...♣♣ ♣♣≈.≈≈.♣♣♣♣
♣.≈≈.♣.@♣ ♣♣♣.....≈≈≈..
♣.≈≈≈♣♣≈♣♣♣♣≈..§≈....≈≈.
≈..♣...♣.≈≈...≈≈≈♣♣.≈....≈
≈...≈
♣♣≈≈#.≈≈≈≈..≈≈♣≈..≈..≈♣ ≈≈≈
..#....≈.....♣......≈♣ ....
[..#†..♣♣♣♣♣♣≈...≈..♣♣♣
..≈.. #####†♣♣♣♣♣≈[..≈.≈≈♣♣
≈.≈..###..#†.♣♣≈....♣≈♣.♣♣♣
......#......♣≈......♣♣≈♣≈♣♣


You could see a bunyip and a goliath frog.

Vanquished Creatures
  Nessos (Lair:4)
  An eleionoma (Swamp:1)
  Josephine (Lair:5)
  Harold (D:9)
  4 ogre magi
  Erolcha (Orc:1)
  6 hydras
  Fannar (D:11)
  A rakshasa (D:15)
  4 centaur warriors
  2 boulder beetles
  13 two-headed ogres
  4 alligators
  A catoblepas (Lair:3)
  A ghost crab (Swamp:2)
  A tengu warrior (D:14)
  A vampire mage (D:15)
  6 death yaks (Lair:6)
  Sonja (Lair:4)
  A fire crab (Lair:6)
  A skeletal warrior (D:13)
  5 swamp dragons
  A goliath frog (Swamp:1)
  2 unseen horrors
  3 orc knights
  2 bog bodies
  3 wizards (D:15)
  A necromancer (D:8)
  A deep elf archer (D:13)
  2 will-o-the-wisps (Lair:3)
  4 manticores
  2 ugly things (D:15)
  A glowing shapeshifter (D:15)
  2 orc sorcerers (Orc:2)
  5 cyclopes
  A faun (D:12)
  5 deep elf magi
  12 elephants
  Maurice (D:13)
  The ghost of Tocho the Chopper, a novice DDFi of Makhleb (D:6)
  A guardian serpent (shapeshifter) (D:11)
  The ghost of DocClef the Shield-Bearer, a novice GnFi (D:3)
  10 cane toads
  2 centaur zombies
  3 molten gargoyles (Lair:6)
  7 black mambas
  8 centaur skeletons
  3 gargoyles
  4 yaktaurs (D:13)
  A kobold demonologist (D:15)
  2 rime drakes
  An efreet (D:13)
  19 komodo dragons
  5 trolls
  5 tyrant leeches (Swamp:2)
  3 meliai (D:15)
  2 polar bears
  A hornet (D:15)
  6 slime creatures
  2 bloated husks
  33 blink frogs
  2 meliai zombies
  6 dream sheep (Lair:4)
  7 spriggans
  7 wraiths
  3 basilisks
  2 vampires
  10 wyverns
  A shadow (D:15)
  62 yaks
  Eustachio (D:4)
  A basilisk (shapeshifter) (D:15)
  A human (shapeshifter) (D:15)
  2 steam dragons (Lair:6)
  7 swamp worms
  2 acid dragons (D:14)
  14 water moccasins
  2 soldier ants
  6 nagas (Lair:3)
  3 hell hounds (Lair:6)
  2 black bears
  35 orc warriors
  2 hornet zombies
  3 ice beasts
  2 phantoms
  5 sky beasts
  6 ogres
  34 centaurs
  19 wolves
  4 boggarts (D:15)
  11 big kobolds
  28 bullfrogs
  A gnoll sergeant (D:7)
  3 wyvern skeletons
  5 scorpions
  15 killer bees
  26 wights
  4 howler monkeys
  2 electric eels
  3 bullfrog zombies
  5 lava snakes (Lair:6)
  A quasit (D:11)
  6 jellies
  8 orc priests
  A gnoll shaman (D:5)
  8 hounds
  21 orc wizards
  2 bullfrog skeletons
  4 iguanas
  14 hell rats
  9 worker ants
  A hound zombie (D:5)
  3 hound skeletons
  A worker ant zombie (D:11)
  14 gnolls
  18 adders
  3 white imps
  An ooze (D:3)
  2 adder skeletons
  2 dart slugs
  4 leopard geckos
  78 orcs
  7 hobgoblins
  10 jackals
  6 quokkas
  13 bats
  4 frilled lizards
  12 goblins
  30 kobolds
  A quokka skeleton (D:4)
  5 rats
869 creatures vanquished.

Vanquished Creatures (collateral kills)
  An alligator (Swamp:1)
  2 deep elf magi (D:13)
  A will-o-the-wisp (Swamp:2)
  2 elephants (Lair:6)
  A centaur skeleton (D:13)
  2 tyrant leeches
  A blink frog (Lair:4)
  A yak (Lair:6)
  A bullfrog (D:11)
  2 killer bees
  2 adders
  16 ballistomycete spores
32 creatures vanquished.

Vanquished Creatures (others)
  An oklob plant (Lair:5)
  A hornet (Swamp:1)
  An orc (D:13)
  A quokka (D:15)
  4 ballistomycete spores
  17 foxfires
  80 fungi
  88 plants
193 creatures vanquished.

Grand Total: 1094 creatures vanquished

Notes
Turn   | Place    | Note
-------+----------+-------------------------------------------
     0 | D:1      | marklar909 the Troll Wanderer began the quest for the Orb.
     0 | D:1      | marklar909 set off with the following items: a +0 club, a
                  | potion of heal wounds, 2 scrolls of teleportation, a +0
                  | robe, a scroll of fear
     0 | D:1      | Reached XP level 1. HP: 22/22 MP: 0/0
   269 | D:1      | Reached XP level 2. HP: 27/29 MP: 1/1
   294 | D:1      | Found a shadowy altar of Dithmenos.
   961 | D:2      | Reached XP level 3. HP: 21/36 MP: 2/2
  1315 | D:2      | Reached skill level 2 in Unarmed Combat
  1404 | D:3      | Reached XP level 4. HP: 44/44 MP: 3/3
  1695 | D:3      | Found a blossoming altar of Fedhas.
  1782 | D:3      | Found a runed translucent door.
  1791 | D:3      | Noticed DocClef's ghost (novice GnFi)
  2040 | D:4      | Reached XP level 5. HP: 50/50 MP: 4/4
  2504 | D:4      | Noticed Eustachio
  2523 | D:4      | Killed Eustachio
  2524 | D:4      | Reached skill level 3 in Unarmed Combat
  2524 | D:4      | Reached XP level 6. HP: 37/59 MP: 5/5
  3000 | D:4      | Reached XP level 7. HP: 56/67 MP: 6/6
  3439 | D:5      | Entered Level 5 of the Dungeon
  3544 | D:5      | Reached skill level 4 in Unarmed Combat
  3883 | D:5      | Reached skill level 5 in Throwing
  4255 | D:6      | Reached XP level 8. HP: 67/75 MP: 7/7
  4297 | D:6      | Found a shimmering altar of Xom.
  4459 | D:3      | Became a worshipper of Fedhas Madash
  4584 | D:6      | Found a runed translucent gate.
  4585 | D:6      | Found a runed translucent gate.
  4586 | D:6      | Found a runed translucent gate.
  4586 | D:6      | Identified the +9 dagger "Yrghos" {drain, +Inv Int+3}
  4588 | D:6      | Noticed Tocho's ghost (novice DDFi)
  4632 | D:6      | Noticed a two-headed ogre
  4869 | D:6      | Found an ancient bone altar of Kikubaaqudgha.
  4877 | D:6      | Reached skill level 5 in Dodging
  5072 | D:6      | Found a staircase to the Ecumenical Temple.
  5515 | D:7      | Reached skill level 5 in Unarmed Combat
  5906 | D:7      | Found a shimmering altar of Xom.
  5909 | D:7      | Reached * piety under Fedhas
  6536 | D:7      | Reached XP level 9. HP: 67/83 MP: 8/8
  6628 | D:8      | Reached skill level 6 in Unarmed Combat
  6873 | D:7      | Gained mutation: You are resistant to hostile enchantments.
                  | (MR+) [potion of mutation]
  6873 | D:7      | Gained mutation: You are partially covered in iridescent
                  | scales. (AC +2) [potion of mutation]
  7564 | D:8      | Found a shadowy altar of Dithmenos.
  7574 | D:8      | Reached ** piety under Fedhas
  7600 | D:8      | Reached skill level 7 in Unarmed Combat
  7666 | D:8      | Noticed a necromancer
  7703 | D:8      | Killed a necromancer
  7704 | D:8      | Reached skill level 1 in Invocations
  8038 | D:8      | Found an ornate altar of the Wu Jian Council.
  8377 | D:7      | Killed a two-headed ogre
  8378 | D:7      | Reached XP level 10. HP: 52/92 MP: 10/10
  8485 | D:9      | Noticed Harold
  8557 | D:9      | Killed Harold
  8558 | D:9      | Reached skill level 8 in Unarmed Combat
  8808 | D:9      | Reached *** piety under Fedhas
  9527 | D:9      | Found a glowing golden altar of the Shining One.
  9579 | D:10     | Entered Level 10 of the Dungeon
  9605 | D:10     | Noticed a two-headed ogre
  9613 | D:10     | Killed a two-headed ogre
  9760 | D:10     | Got a brightly glowing robe
  9761 | D:10     | Identified the +2 robe of Bitterness {Slay+3} (You found it
                  | on level 10 of the Dungeon)
  9937 | D:10     | Noticed a gargoyle
  9945 | D:10     | Killed a gargoyle
  9946 | D:10     | Reached skill level 9 in Unarmed Combat
  9946 | D:10     | Reached XP level 11. HP: 82/100 MP: 12/12
  9978 | D:10     | Reached **** piety under Fedhas
 10085 | D:10     | Found a staircase to the Orcish Mines.
 10091 | D:10     | Found Pafyta Sula's Gadget Shoppe.
 10211 | D:11     | Noticed a two-headed ogre
 10230 | D:11     | Killed a two-headed ogre
 10246 | D:11     | Found a staircase to the Lair.
 10247 | D:11     | Noticed an oklob plant
 10269 | D:11     | Found a runed translucent door.
 10337 | D:11     | Noticed Fannar
 10447 | D:11     | Noticed a two-headed ogre
 10460 | D:11     | Killed a two-headed ogre
 10934 | D:11     | Found a runed translucent door.
 11309 | Lair:1   | Entered Level 1 of the Lair of Beasts
 11482 | Lair:1   | Reached skill level 5 in Invocations
 11841 | Lair:1   | Found the +8 whip "Snakebite" {curare, rPois}
 11936 | Lair:1   | Reached skill level 10 in Unarmed Combat
 12028 | Lair:1   | Reached ***** piety under Fedhas
 12029 | Lair:1   | Reached XP level 12. HP: 109/109 MP: 15/15
 12651 | Lair:2   | Reached skill level 10 in Throwing
 13244 | Lair:2   | Noticed an eight-headed hydra
 13595 | Lair:2   | Reached skill level 11 in Unarmed Combat
 14335 | Lair:3   | Found a staircase to the Snake Pit.
 14692 | Lair:3   | Noticed a catoblepas
 14721 | Lair:3   | Killed a catoblepas
 14961 | Lair:3   | Reached XP level 13. HP: 65/117 MP: 17/17
 14979 | Lair:3   | Reached skill level 10 in Dodging
 15333 | Lair:3   | Reached skill level 12 in Unarmed Combat
 15337 | Lair:3   | Found a staircase to the Swamp.
 16072 | Lair:4   | Noticed Sonja
 16081 | Lair:4   | Killed Sonja
 16378 | D:12     | Got a fine iron ring
 16749 | D:12     | Identified the ring "Zedaiho" {+Blink rPois Str+6} (You
                  | found it on level 12 of the Dungeon)
 16838 | D:12     | Reached ****** piety under Fedhas
 17406 | D:11     | Killed Fannar
 18178 | Lair:4   | Noticed Nessos
 18179 | Lair:4   | Reached skill level 13 in Unarmed Combat
 18390 | Lair:4   | Killed Nessos
 18695 | Lair:4   | Reached skill level 5 in Fighting
 18921 | Lair:4   | Reached XP level 14. HP: 127/127 MP: 19/19
 19853 | Lair:5   | Noticed Josephine
 19865 | Lair:5   | Killed Josephine
 20170 | Lair:5   | Found a staircase to the Slime Pits.
 20171 | Lair:5   | Found a viscous altar of Jiyva.
 20756 | Lair:6   | Entered Level 6 of the Lair of Beasts
 22135 | Lair:6   | Reached skill level 14 in Unarmed Combat
 22938 | Lair:6   | Found a large runed translucent door.
 23017 | Lair:6   | Found a large runed translucent door.
 24498 | Orc:1    | Entered Level 1 of the Orcish Mines
 24502 | Orc:1    | Found a roughly hewn altar of Beogh.
 24603 | Orc:1    | Noticed Erolcha
 24613 | Orc:1    | Killed Erolcha
 25067 | Orc:1    | Learned a level 7 spell: Dragon Form
 25081 | Orc:2    | Entered Level 2 of the Orcish Mines
 25187 | Orc:2    | Found Qisyuc's Gadget Boutique.
 25464 | Orc:2    | Reached XP level 15. HP: 115/133 MP: 20/20
 25820 | Orc:2    | Found Tusuar's Assorted Antiques.
 25820 | Orc:2    | Found Fotazex's General Store.
 25822 | Orc:2    | Found Waox Wui's Assorted Antiques.
 25824 | Orc:2    | Found Joikokhu's Antique Weapon Emporium.
 25915 | Orc:2    | Bought a potion of curing for 45 gold pieces
 25915 | Orc:2    | Bought a scroll of teleportation for 45 gold pieces
 25941 | Orc:2    | Reached skill level 1 in Transmutations
 26000 | Orc:2    | Found a staircase to the Elven Halls.
 26227 | Orc:2    | Found a roughly hewn altar of Beogh.
 26495 | Temple   | Entered the Ecumenical Temple
 26979 | D:6      | Killed Tocho's ghost
 27223 | D:3      | Killed DocClef's ghost
 28193 | D:13     | Noticed Maurice
 28276 | D:13     | Killed Maurice
 28626 | D:13     | Reached skill level 15 in Unarmed Combat
 28785 | D:13     | Identified the ring "Juomeyje" {*Tele MR++ Slay-6 SInv}
 29087 | D:13     | Found a gate to the Vaults.
 30096 | D:14     | Found a stormy altar of Qazlal.
 30114 | D:14     | You fall into a shaft and drop 1 floor!
 30114 | D:15     | Entered Level 15 of the Dungeon
 30116 | D:15     | Paralysed by an ogre mage for 5 turns
 30149 | D:15     | Reached skill level 1 in Evocations
 30507 | D:15     | Found a white marble altar of Elyvilon.
 30592 | D:15     | Reached skill level 10 in Invocations
 31333 | D:15     | Found the +12 glaive of Prune {vorpal}
 31625 | D:15     | Reached XP level 16. HP: 127/144 MP: 22/22
 31716 | D:15     | Found a staircase to the Depths.
 31838 | D:15     | Identified a scroll of acquirement
 31843 | D:15     | Acquired a +0 kite shield of reflection
 32039 | Swamp:1  | Entered Level 1 of the Swamp
 32653 | Lair:3   | Reached skill level 1 in Shields
 33785 | Swamp:2  | Reached skill level 16 in Unarmed Combat
 33820 | Swamp:2  | Reached skill level 1 in Armour
 34038 | Swamp:2  | HP: 4/144 [acid (12)]
 34043 | Swamp:2  | HP: 7/144 [goliath frog (18)]
 34043 | Swamp:2  | Splashed by a goliath frog's acid

Illustrated notes

Levels and vault maps discovered:
D:1:      onia_arrival_mini_spirals, layout_basic, serial_park_tiny_pond,
          serial_bayou_pond_d, kennysheep_flooded_box
D:2:      layout_rooms
D:3:      layout_basic, fedhas_altar_1, ebering_ghost_sewer_d
D:4:      layout_layer_cave, kennysheep_generic_room_2, uniq_eustachio
D:5:      layout_gridville
D:6:      layout_rooms, lemuel_crystal_altar, lemuel_doored_altar,
          minmay_temple_entry_waves, gammafunk_ghost_nasty_kobolds
D:7:      layout_basic, xom_teletrap_fun
D:8:      layout_cave_pools, marbit_many_paths, general_overflow_altar,
          enter_bailey_4, minmay_three_doors
D:9:      layout_loops_cross, kennysheep_mini, uniq_harold
D:10:     layout_basic, orc_0_dummy, serial_shops,
          nicolae_shop_competitors_out_of_business
D:11:     cheibrodos_histonic, layout_irregular_city, dpeg_oklobed_lair,
          kennysheep_generic_room_15, uniq_fannar
D:12:     layout_loops_ring, nrook_pool_corridor, centaur_isle
D:13:     layout_irregular_city, hangedman_vaults_entry_quadrant_bands,
          uniq_maurice
D:14:     layout_rooms, serial_park_square1 [serial_park_minivault_5x5_1],
          grunt_qazlal_sundering
D:15:     gammafunk_enter_depths_forms, layout_rooms, elyvilon_altar_4,
          minmay_guarded_unrand_prune
Temple:   regret_index_temple_sphere_string
Lair:1:   minmay_guarded_unrand_snakebite, layout_layer_cave,
          grunt_megastairs_3, lemuel_fruit_tree
Lair:2:   layout_layer_cave, wad_woods_01
Lair:3:   layout_regular_city, skrybe_swamp_entry_bodies,
          minmay_snake_entry_guardpost_medium, chequers_serial_rivers_small_3
Lair:4:   layout_loops_ring, serial_bayou_shore_a, grunt_megastairs_1,
          uniq_sonja, uniq_nessos
Lair:5:   layout_loops_ring, slime_altar_1, serial_bayou_shore_b,
          minmay_lair_oklob_chamber, uniq_josephine
Lair:6:   cheibrodos_lair_end_hotspot, layout_regular_city
Swamp:1:  layout_falls_marsh, hangedman_swamp_lotus, swamp_pool3
Swamp:2:  layout_basic_swamp, hangedman_swamp_ruin_wall
Orc:1:    layout_caves, basic_altar, uniq_erolcha
Orc:2:    st_orc_rangers, layout_caves, basic_altar, serial_shops, shop,
          nicolae_orc_damp_corner

Skill      XL: |  1  2  3  4  5  6  7  8  9 10 11 12 13 14 15 16 |
---------------+-------------------------------------------------+-----
Dodging        | 3 4 5 7 8 9 10 11 | 11.9
Unarmed Combat | 2 3 4 5 7 9 10 11 13 14 15 16 | 16.0
Throwing       | 2 3 4 5 6 8 9 10 11 12 | 12.5
Fighting       | 3 4 5 6 |  6.0
Stealth        | 2 3 4 |  4.1
Invocations    | 2 3 5 6 8 9 10 | 10.5
Transmutations | 3 4 |  4.1
Evocations     | 1 |  1.0
Shields        | 2 |  2.0
Armour         | 1 |  1.0

Action                   |  1- 3 |  4- 6 |  7- 9 | 10-12 | 13-15 | 16-18 || total
-------------------------+-------+-------+-------+-------+-------+-------++-------
Melee: Unarmed           |   121 |    71 |   360 |   532 |  1077 |   142 ||  2303
       Punch             |       |     1 |    12 |    36 |   122 |     3 ||   174
Throw: Boomerang         |    32 |    35 |   134 |   198 |   180 |       ||   579
       Large rock        |       |    26 |    10 |    80 |   144 |    80 ||   340
       Throwing net      |       |       |       |     3 |       |       ||     3
       Javelin           |       |       |       |    20 |    37 |       ||    57
Invok: Wall of Briars    |       |       |       |     5 |     5 |       ||    10
       Grow Ballistomyce |       |       |       |     3 |     4 |       ||     7
       Grow Oklob        |       |       |       |       |     3 |     2 ||     5
Evoke: Wand              |       |       |     6 |       |    15 |     1 ||    22
       Tin of tremorston |       |       |       |       |     2 |     2 ||     4
  Use: Scroll            |       |     1 |    13 |     8 |    17 |     8 ||    47
       Potion            |       |     1 |     6 |     1 |     9 |     2 ||    19
 Stab: Sleeping          |     1 |       |     6 |     6 |     5 |       ||    18
       Petrified         |       |       |       |     3 |       |       ||     3
       Distracted        |       |       |       |       |       |     1 ||     1
Armor: Robe              |    67 |    26 |   129 |   143 |   350 |    20 ||   735
       Skin              |       |       |     9 |       |       |       ||     9
       Troll leather arm |       |       |       |    16 |       |       ||    16
       Swamp dragon scal |       |       |       |       |       |    35 ||    35
Dodge: Dodged            |   104 |    44 |   278 |   428 |  1036 |    97 ||  1987
Block: Kite shield       |       |       |       |       |       |    64 ||    64
       Reflection        |       |       |       |       |       |     1 ||     1

Table legend: (Time is in decaauts)
 A = Elapsed time spent in this place.
 B = Non-inter-level travel time spent in this place.
 C = Inter-level travel time spent in this place.
 D = Time resting spent in this place.
 E = Time spent auto-exploring this place.
 F = Levels seen in this place.
 G = Mean time per level.
                   A        B        C        D        E       F      G
               +--------+--------+--------+--------+--------+-----+--------+
         Total |  34046 |  29935 |   4111 |   4945 |  18252 |  26 | 1309.5 |
       Dungeon |  18797 |  16372 |   2425 |   2415 |  10057 |  15 | 1253.1 |
        Temple |      1 |      0 |      1 |      0 |      0 |   1 |    1.0 |
          Lair |  12135 |  10567 |   1568 |   2249 |   6153 |   6 | 2022.5 |
         Swamp |   1244 |   1212 |     32 |     20 |    954 |   2 |  622.0 |
  Orcish Mines |   1867 |   1783 |     84 |    260 |   1086 |   2 |  933.5 |
               +--------+--------+--------+--------+--------+-----+--------+

Top non-repeatable levels by time:
  Lair:3: 2725 daAuts
  Lair:6: 2589 daAuts
    D:11: 2204 daAuts
     D:7: 2039 daAuts
  Lair:2: 2034 daAuts
  Lair:1: 1631 daAuts
  Lair:5: 1623 daAuts
    D:12: 1574 daAuts
     D:4: 1570 daAuts
  Lair:4: 1530 daAuts
    D:15: 1300 daAuts
    D:14: 1245 daAuts
    D:13: 1241 daAuts
     D:5: 1230 daAuts
     D:6: 1214 daAuts
